 Dungeon Crawl Stone Soup version 0.20.1-1-g8b1a95d (webtiles) character file.

1773 Monsterracer the Carver (level 9, 0/66 HPs)
             Began as a Barachi Gladiator on Sept 15, 2017.
             Was a Follower of Hepliaklqana.
             Slain by Duvessa
             ... wielding a +0 short sword
              (10 damage)
             ... on level 6 of the Dungeon.
             The game lasted 00:11:10 (5947 turns).

Monsterracer the Carver (Barachi Gladiator)         Turns: 5947, Time: 00:11:11

Health: 0/66       AC:  8    Str: 20    XL:     9   Next: 7%
Magic:  11/11      EV: 16    Int:  8    God:    Hepliaklqana [*.....]
Gold:   257        SH:  0    Dex: 13    Spells: 8/8 levels left

rFire    . . .     SeeInvis +   a - +0 scimitar
rCold    . . .     Gourm    +   (no shield)
rNeg     . . .     Faith    .   w - +0 troll leather armour {Purgy}
rPois    .         Spirit   .   c - +0 helmet
rElec    .         Reflect  .   (no cloak)
rCorr    .         Harm     .   (no gloves)
MR       .....                  u - +1 pair of boots
Stlth    +.........             v - amulet of the gourmand
Regen    0.7/turn               y - ring of see invisible
MPRegen  0.2/turn               t - +1 ring of evasion

@: drained, slow
A: +LOS, swims, reduced essence, slowness 1, strong legs 1
a: Hop, Recall Ancestor, Ancestor Identity, Renounce Religion


You were on level 6 of the Dungeon.
You worshipped Hepliaklqana.
Hepliaklqana was aware of your devotion.
You were not hungry.

You visited 1 branch of the dungeon, and saw 6 of its levels.

You collected 257 gold pieces.

Inventory:

Hand Weapons
 a - a +0 scimitar (weapon)
 b - a +1 short sword of freezing
Missiles
 d - 2 throwing nets (quivered)
Armour
 c - a +0 helmet (worn)
 e - a +2 large shield
 g - a +0 plate armour
 u - a +1 pair of boots (worn)
 w - a +0 troll leather armour (worn) {Purgy}
 F - a cursed -2 ring mail
Jewellery
 s - an uncursed ring of flight
 t - a +1 ring of evasion (right hand)
 v - an amulet of the gourmand (around neck)
 y - a ring of see invisible (left hand)
Wands
 j - a wand of flame (19/48)
 D - a wand of acid (7/15)
 G - a wand of iceblast (5/15)
Scrolls
 h - 3 scrolls of fear
 i - 3 scrolls of remove curse
 k - 3 scrolls of teleportation
 C - 2 scrolls of amnesia
 E - 2 scrolls of immolation
Potions
 l - a potion of haste {unknown}
 n - 6 potions of lignification
 o - 5 potions of curing
 q - 4 potions of mutation
 r - 2 potions of flight
 x - a potion of resistance
 z - a potion of invisibility
 A - 2 potions of agility
 H - a potion of heal wounds {unknown}
Comestibles
 f - 7 bread rations
 m - 2 royal jellies
 p - 4 fruits
 B - a meat ration


   Skills:
 * Level 7.8 Fighting
 * Level 8.2(8.1) Long Blades
 - Level 2.0(1.9) Throwing
 + Level 4.6(4.5) Armour
 + Level 5.9 Dodging
 + Level 3.3 Invocations


You had 8 spell levels left.
You didn't know any spells.

Dungeon Overview and Level Annotations

Branches:
Dungeon (6/15)             Temple (0/1) D:6

Altars:
Dithmenos
Fedhas
Gozag
Hepliaklqana
Qazlal
Ru
Sif Muna

Shops:
D:4 (   D:5 =   D:6 :%

Annotations:
D:6 Duvessa


Innate Abilities, Weirdness & Mutations

Shadows flee at your approach. (+LOS)
You can swim through water.
You cover ground slowly.
You can hop short distances.
Your life essence is reduced to manifest your ancestor. (-10% HP)


Message History

You closely miss Duvessa.
Duvessa is heavily wounded.
Jaydra hits Duvessa.
Duvessa misses you.
You barely miss Duvessa.
Duvessa is heavily wounded.
Duvessa hits you with a short sword!
Jaydra hits Duvessa.
The orc priest mumbles some strange prayers to Beogh against you.
Beogh smites you!
* * * LOW HITPOINT WARNING * * *
Duvessa hits you with a short sword!
* * * LOW HITPOINT WARNING * * *
You hit Duvessa.
Duvessa is severely wounded.
Jaydra hits Duvessa but does no damage.
Duvessa closely misses you.
Huge Dmg: -50%(-33hp) hp: 16%(10hp) Unknown command.
You barely miss Duvessa.
Duvessa is severely wounded.
Duvessa hits you with a short sword!
You die...

.......# . .......# ..
.......# ...
.......######## ...$
.......#..[...# .....
.......#......# ......
##R#†###......######o......
...#.##>......##Reooo......
.###....##..###.@##########
......#####.##..#..=#
..##.## #R#..##.()#
#.##.### #...## ...# ≈
..............# ...# §≈
.....#######.... ...# §≈≈
.......# #..###.... §≈>≈
.###..## ##.# ####.≈≈≈≈§
.####.#######.# #####..≈≈≈≈


You could see the friendly Jaydra the ancestor, Duvessa (berserk), an orc
priest, an orc wizard (invisible) and 2 orcs.

Vanquished Creatures
  An orc warrior (D:5)
  Purgy (D:3)
  2 phantoms
  A bullfrog (D:6)
  Dowan (D:6)
  A scorpion (D:4)
  2 wights (D:6)
  A howler monkey (D:4)
  A crimson imp (D:6)
  A bullfrog zombie (D:6)
  2 hounds
  3 orc wizards (D:6)
  2 iguanas
  2 worker ants (D:4)
  A hound skeleton (D:4)
  7 adders
  A shadow imp (D:5)
  3 oozes
  An adder skeleton (D:5)
  3 worms (D:2)
  3 dart slugs
  5 leopard geckos
  12 orcs
  3 giant cockroaches
  10 hobgoblins
  2 jackals (D:3)
  5 kobolds
  5 quokkas
  2 ball pythons (D:2)
  5 bats
  8 frilled lizards
  7 goblins
  8 rats
112 creatures vanquished.

Vanquished Creatures (collateral kills)
  Sigmund (D:6)
  A sky beast (D:5)
  2 ogres
  A wight (D:6)
  A centaur zombie (D:5)
  An orc priest (D:4)
  2 orc wizards
  A centaur skeleton (D:5)
  2 orcs (D:6)
  A jackal (D:3)
13 creatures vanquished.

Vanquished Creatures (others)
  3 ancestors
3 creatures vanquished.

Grand Total: 128 creatures vanquished

Notes
Turn   | Place    | Note
-------+----------+-------------------------------------------
     0 | D:1      | Monsterracer the Barachi Gladiator began the quest for the Orb.
     0 | D:1      | Reached XP level 1. HP: 17/17 MP: 1/1
   140 | D:1      | Reached XP level 2. HP: 12/23 MP: 2/2
   348 | D:1      | Reached skill level 4 in Long Blades
   927 | D:1      | Reached XP level 3. HP: 29/29 MP: 3/3
  1040 | D:1      | Reached skill level 1 in Armour
  1232 | D:2      | HP: 12/29 [worm (4)]
  1464 | D:2      | Found a blossoming altar of Fedhas.
  1470 | D:2      | Found a deep blue altar of Sif Muna.
  1699 | D:2      | Found a shadowy altar of Dithmenos.
  1767 | D:2      | Reached XP level 4. HP: 27/36 MP: 4/4
  2554 | D:3      | HP: 18/37 [poisoned by an adder]
  2562 | D:3      | HP: 17/37 [poisoned by an adder]
  2974 | D:3      | Reached XP level 5. HP: 42/42 MP: 5/5
  2990 | D:3      | Found a stormy altar of Qazlal.
  3069 | D:2      | Found a hazy altar of Hepliaklqana.
  3077 | D:2      | Became a worshipper of Hepliaklqana the Forgotten
  3361 | D:3      | Noticed Purgy
  3383 | D:3      | Killed Purgy
  3383 | D:3      | Reached skill level 5 in Long Blades
  3384 | D:3      | HP: 18/38 [kobold (1)]
  3410 | D:3      | Reached XP level 6. HP: 24/44 MP: 6/6
  3721 | D:4      | Noticed a phantom
  3730 | D:4      | HP: 21/45 [phantom (4)]
  3788 | D:4      | Killed a phantom
  3788 | D:4      | Reached skill level 5 in Fighting
  3788 | D:4      | Reached skill level 1 in Invocations
  3887 | D:4      | HP: 22/45 [iguana (13)]
  3978 | D:4      | HP: 11/45 [orc priest/nerve-wracking pain (14)]
  3983 | D:4      | HP: 4/45 [orc wizard/dagger (3)]
  3997 | D:4      | HP: 12/45 [orc/club (1)]
  4085 | D:4      | HP: 14/45 [ogre/giant club (31)]
  4089 | D:4      | Reached skill level 6 in Long Blades
  4089 | D:4      | Reached XP level 7. HP: 18/51 MP: 8/8
  4091 | D:4      | HP: 19/51 [hound (1)]
  4178 | D:4      | Found Hiddyon's Weapon Shop.
  4464 | D:5      | Entered Level 5 of the Dungeon
  4779 | D:5      | Reached * piety under Hepliaklqana
  4858 | D:5      | Found Uckynnut's Jewellery Boutique.
  4962 | D:5      | Found a sacrificial altar of Ru.
  5011 | D:5      | Reached skill level 5 in Dodging
  5011 | D:5      | Reached XP level 8. HP: 58/58 MP: 9/9
  5159 | D:5      | Reached skill level 7 in Long Blades
  5431 | D:5      | Found an opulent altar of Gozag.
  5597 | D:6      | Noticed Sigmund
  5598 | D:6      | Found Jaufap's Food Boutique.
  5621 | D:6      | Killed Sigmund
  5698 | D:6      | Got an ivory trident
  5699 | D:6      | Identified the cursed +0 trident "Qeofixi" {pierce, Dex+3} (You found it on level 6 of the Dungeon)
  5742 | D:6      | Found a staircase to the Ecumenical Temple.
  5762 | D:6      | Found Fokat's Book Boutique.
  5835 | D:6      | Reached skill level 8 in Long Blades
  5900 | D:6      | Reached XP level 9. HP: 61/65 MP: 11/11
  5923 | D:6      | Noticed Dowan
  5924 | D:6      | Noticed Duvessa
  5935 | D:6      | Killed Dowan
  5945 | D:6      | HP: 22/66 [orc priest/divine providence (15)]
  5945 | D:6      | HP: 9/66 [Duvessa/short sword (13)]
  5947 | D:6      | Slain by Duvessa

Skill      XL: |  1  2  3  4  5  6  7  8 |
---------------+-------------------------+-----
Long Blades    | 4 5 6 8 |  8.2
Fighting       | 3 4 5 6 7 |  7.8
Armour         | 1 2 3 4 |  4.6
Dodging        | 4 5 |  5.9
Invocations    | 1 2 3 |  3.3
Throwing       | |  2.0

Action                   |  1- 3 |  4- 6 |  7- 9 || total
-------------------------+-------+-------+-------++-------
Melee: Long sword        |   115 |   182 |   115 ||   412
       Scimitar          |       |       |    37 ||    37
       Short sword       |       |       |    13 ||    13
Throw: Throwing net      |       |     1 |       ||     1
Invok: Recall Ancestor   |       |     1 |       ||     1
  Use: Scroll            |       |    10 |    10 ||    20
 Stab: Held in net/web   |       |     1 |       ||     1
  Eat: Chunk             |     3 |     9 |    10 ||    22
Armor: Leather armour    |    41 |     8 |       ||    49
       Chain mail        |       |    62 |       ||    62
       Troll leather arm |       |    11 |    52 ||    63
Dodge: Dodged            |   129 |   101 |   114 ||   344
       Rpst.: Long sword |    28 |    29 |    24 ||    81
       Scimitar          |       |       |     6 ||     6
